Introsp3ctive, lawful female human Knight ------- -------- ----- #....... |{.....| |...| ###|.....| ##...^.... |...| # |.(_...## ------- # |......| |...| ### -----.- # #.......######|......| -.--- # # #####|.....| |......| # ### # # |...... |......| # # # #####|.....| -------- # # ### # #------- # # # ### ### # `######)##### # # # # ----.-##########`######## # # |....|# # --|-- ####### # # |....|# ### |....### --------------###### ## # ##..<...# # |...| # |............| -.---- --.---------# # ------ ##|...| ##..............####|....| |...........#### ----- |........*...| # |....| |......>...| -|----%------- ##.....| ------------ # # ------ Introsp3ctive the Esquire Experience level: 3 Strength: 14 Dexterity: 10 Constitution: 13 Intelligence: 9 Wisdom: 14 Charisma: 17 Health: 0(24) Energy: 18(18) Def: 7 Gold: 167 Moves: 2099 Dungeon seed: m51TYM04rJYvj9zs Game ID: Introsp3ctive_1466799563 Your Inventory: Coins $ - 167 gold pieces Weapons a - an uncursed +1 long sword (weapon in hand) b - an uncursed +1 lance i - 8 uncursed +0 arrows Armor e - an uncursed +1 ring mail (being worn) n - an uncursed +0 helmet (being worn) q - an uncursed +0 small shield (being worn) r - an uncursed +0 pair of leather gloves (being worn) Comestibles c - 6 uncursed apples d - 14 uncursed carrots h - 2 uncursed tripe rations x - an uncursed candy bar z - an uncursed food ration Scrolls j - 3 uncursed scrolls of light s - an uncursed scroll of teleportation Potions A - a cursed potion of fruit juice Rings g - a cursed -2 ring of protection k - an uncursed ring of searching Wands w - an uncursed wand of light (0:13) Tools E - an uncursed large box named <> Gems y - 6 uncursed rocks Contents of the large box named <>: an uncursed spellbook of dig an uncursed potion of enlightenment 2 uncursed worthless pieces of green glass an uncursed worthless piece of violet glass Spells and supernatural/magical abilities: Name Level Category Fail Memory W - pray for help -- divine ? -- X - turn undead -- divine ? -- Your skills at the end: Fighting Skills riding [Basic] wands [Basic] Weapon Skills long sword [Basic] lance [Basic] Spellcasting Skills Final Attributes: You were piously aligned. You could jump. You were riding Testificate. You are dead. Vanquished creatures: a homunculus 2 iguanas a coyote a yellow mold a red mold 2 gnomes a gecko 11 jackals 2 foxes 2 kobolds 4 goblins 3 grid bugs a lichen a kobold zombie 6 newts 39 creatures vanquished. Voluntary challenges: You used a wielded weapon 22 times, starting on turn 98. You read items or engraved 2 times, starting on turn 1177. You never genocided any monsters. You never polymorphed an object. You never changed form. You used no wishes. You never split a pudding. You never wrote Elbereth's name. You never violated your personal moral code. Dungeon overview: The Dungeons of Doom: levels 1 to 5 Level 1 a long staircase Level 2 a general store Level 3 a long staircase Level 4 (Aligned Altar) an altar to Lugh, a fountain Level 5 <- You were here History has recorded: On T:1 you entered the Dungeons of Doom to retrieve the Amulet of Yendor! On T:413 you reached level 2 of The Dungeons of Doom. On T:816 you reached level 3 of The Dungeons of Doom. On T:1079 you reached level 4 of The Dungeons of Doom. On T:1178 you advanced to experience level 2. On T:1648 you advanced to experience level 3. On T:2099 you reached level 5 of The Dungeons of Doom. Score breakdown: Gold: 167 ( 7569 points) Experience: 3 levels ( 7878 points) Exploration: 5 levels ( 11.11%) ( 9045 points) Discoveries: 0 items ( 0.00%) ( 0 points) Valuables value: (no points given unless you survive) Artifact value: 0 ( 0 points) Variety of kills: 15 monsters ( 3.92%) ( 5937 points) Turncount: 2099 turns ( -72 points) Survival: died (score multiplied by 80%) Total score: 24285 Latest messages: Your movements are now unencumbered. You have a little trouble lifting B - a large box. Your movements are slowed slightly because of your load. >> You drop a large box named <>. Your movements are now unencumbered. You carefully open the large box named <>... > is empty. Do what?: cancelled> You see here a large box. You have a little trouble lifting E - a large box. Your movements are slowed slightly because of your load. >> You kill the lichen! You hear a jackal howling at the moon. You fall down the stairs. You fall off of Testificate! You die... Final status: Fare thee well Introsp3ctive the Knight, killed in a riding accident... You died in The Dungeons of Doom on dungeon level 5 with 24285 points, and 167 pieces of gold, after 2099 moves. You were level 3 with a maximum of 24 hit points when you died.